 Dungeon Crawl Stone Soup version 0.29-a0-464-g50448035db (webtiles) character file.

Game seed: 747244166162105304

4 Bruhh the Skirmisher (level 1, -1/26 HPs)
             Began as an Ogre Fighter on May 20, 2022.
             Slain by a quokka (2 damage)
             ... on level 1 of the Dungeon.
             The game lasted 00:00:11 (29 turns).

Bruhh the Skirmisher (Ogre Fighter)                   Turns: 29, Time: 00:00:11

Health: -1/26      AC:  3    Str: 19    XL:     1   Next: 60%
Magic:  1/1        EV:  8    Int:  9    God:
Gold:   0          SH:  7    Dex:  8    Spells: 0/0 levels left

rFire   . . .      SeeInvis .   a - +0 war axe
rCold   . . .      Faith    .   c - +0 kite shield
rNeg    . . .      Spirit   .   b - +0 robe
rPois   .          Reflect  .   (helmet restricted)
rElec   .          Harm     .   (no cloak)
rCorr   .          Rampage  .   (gloves unavailable)
Will    .....                   (boots unavailable)
Stlth   +.........              (no amulet)
HPRegen 0.08/turn               (no ring)
MPRegen 0.07/turn               (no ring)

@: no status effects
A: large, unfitting armour, tough skin 1
a: no special abilities


You were on level 1 of the Dungeon.
You visited 1 branch of the dungeon, and saw 1 of its levels.

Inventory:

Hand Weapons
 a - a +0 war axe (weapon)
Armour
 b - a +0 robe (worn)
 c - a +0 kite shield (worn)
Potions
 d - a potion of might


   Skills:
 + Level 4.4 Fighting
 - Level 2.0 Axes
 - Level 2.6 Dodging
 - Level 3.0 Shields


You couldn't memorise any spells.
You didn't know any spells.
Your spell library was empty.

Dungeon Overview and Level Annotations

Branches:
Dungeon (1/15)

Altars:


Innate Abilities, Weirdness & Mutations

You are too large for most types of armour.
You have tough skin. (AC +1)


Message History

You are too injured to fight recklessly!
You are too injured to fight recklessly!
You are too injured to fight recklessly!
You are too injured to fight recklessly!
You are too injured to fight recklessly!
You are too injured to fight recklessly!
You are too injured to fight recklessly!
You are too injured to fight recklessly!
Unknown command.
You are too injured to fight recklessly!
The quokka attacks as you move away! The quokka barely misses you.
The rat bites you.
You closely miss the quokka. You slash the rat!
You kill the rat!
The quokka barely misses you. The jackal closely misses you.
You block the quokka's attack.
You closely miss the quokka. You barely miss the jackal.
The jackal barely misses you. You block the quokka's attack.
The jackal bites you.
The quokka bites you but does no damage.
The jackal closely misses you.
You miss the quokka. You hit the jackal but do no damage. The jackal bites you.
You block the quokka's attack. The jackal bites you. The quokka bites you.
* * * LOW HITPOINT WARNING * * *
You barely miss the quokka. You miss the jackal. The jackal barely misses you.
The quokka barely misses you. The jackal bites you.
* * * LOW HITPOINT WARNING * * *
You closely miss the quokka. You slash the jackal!
You kill the jackal!
The quokka barely misses you. x2
You barely miss the quokka. The quokka barely misses you. The quokka bites you.
* * * LOW HITPOINT WARNING * * *
You closely miss the quokka.
The quokka bites you but does no damage.
The quokka completely misses you.
You closely miss the quokka. You block the quokka's attack.
The quokka bites you.
* * * LOW HITPOINT WARNING * * *
You barely miss the quokka. The quokka barely misses you. The quokka bites you.
You die...

#........
#....:... . ##
#........
#.####.
......... ......
#........
......##........
###...#†.......
#.....@r.......
#.##..#######.#
#...+ ##..#
+..## #+##..#
#..'..# #..#..#
#..#...+


You could see a quokka.

Vanquished Creatures
  2 jackals (D:1)
  2 rats (D:1)
4 creatures vanquished.

Notes
Turn   | Place    | Note
-------+----------+-------------------------------------------
     0 | D:1      | Bruhh the Ogre Fighter began the quest for the Orb.
     0 | D:1      | Reached XP level 1. HP: 24/24 MP: 1/1
    28 | D:1      | HP: 1/26 [quokka (3)]
    29 | D:1      | Slain by a quokka

Illustrated notes

Levels and vault maps discovered:
D:1:      dpeg_arrival_short_road, layout_rooms, st_stairs_8

Action                   || total
-------------------------++-------
Melee: War axe           ||    16
Armor: Robe              ||     7
Dodge: Dodged            ||    15
Block: Kite shield       ||     8

Table legend: (Time is in decaauts)
 A = Elapsed time spent in this place.
 B = Non-inter-level travel time spent in this place.
 C = Inter-level travel time spent in this place.
 D = Time resting spent in this place.
 E = Time spent auto-exploring this place.
 F = Levels seen in this place.
 G = Mean time per level.
                   A        B        C        D        E       F      G
               +--------+--------+--------+--------+--------+-----+--------+
         Total |     37 |     37 |      0 |      0 |      7 |   1 |   37.0 |
       Dungeon |     37 |     37 |      0 |      0 |      7 |   1 |   37.0 |
               +--------+--------+--------+--------+--------+-----+--------+

Top non-repeatable levels by time:
     D:1: 37 daAuts
